 Dungeon Crawl Stone Soup version 0.31-a0-705-ga145531891 (webtiles) character file.

Game seed: 17951698015154334645

33 Danienth the Grave Robber (level 3, -3/25 HPs)
             Began as a Demonspawn Necromancer on Sept 9, 2023.
             Slain by a black bear (4 damage)
             ... on level 2 of the Dungeon.
             The game lasted 00:07:54 (1393 turns).

Danienth the Grave Robber (Demonspawn Necromancer)  Turns: 1393, Time: 00:07:55

Health: -3/25      AC:  4    Str: 10    XL:     3   Next: 12%
Magic:  0/6        EV: 12    Int: 16    God:
Gold:   56         SH:  0    Dex: 13    Spells: 6/7 levels left

rFire   . . .        h - +0 dagger
rCold   . . .        (no shield)
rNeg    . . .        a - +0 robe
rPois   .            (no helmet)
rElec   .            e - +0 cloak
rCorr   .            (no gloves)
SInv    .            m - +0 pair of boots
Will    .....        (no amulet)
Stlth   ++           (no ring)
HPRegen 0.24/turn    (no ring)
MPRegen 0.10/turn

%: no passive effects
@: no status effects
A: hooves 1
a: no special abilities


You were on level 2 of the Dungeon.
You visited 1 branch of the dungeon, and saw 2 of its levels.

You collected 56 gold pieces.

Inventory:

Hand Weapons
 h - a +0 dagger (weapon)
Armour
 a - a +0 robe (worn)
 e - a +0 cloak (worn)
 m - a +0 pair of boots (worn)
Talismans
 k - a serpent talisman
Scrolls
 f - a scroll of identify
 g - a scroll of fear
 i - 2 scrolls of teleportation {unknown}
 l - a scroll of butterflies {unknown}
 n - a scroll of amnesia {unknown}
Potions
 c - a potion of degeneration


   Skills:
 * Level 0.7 Fighting
 * Level 2.0 Dodging
 * Level 2.0 Stealth
 * Level 2.5 Spellcasting
 + Level 4.7 Necromancy


You had 6 spell levels left.
You knew the following spells:

 Your Spells              Type           Power      Damage    Failure   Level
a - Necrotise             Necr           68%        1d7       2%          1

Your spell library contained the following spells:

 Spells                   Type           Power      Damage    Failure   Level
 Vampiric Draining        Necr           17%        2d7       9%          3
 Animate Dead             Necr           17%        N/A       28%         4
 Poisonous Vapours        Pois/Air       4%         N/A       30%         2
 Mephitic Cloud           Conj/Pois/Air  2%         N/A       52%         3
 Agony                    Necr           17%        N/A       61%         5
 Freezing Cloud           Conj/Ice/Air   1%         6-21      99%         5


Dungeon Overview and Level Annotations

Branches:
Dungeon (2/15)

Altars:


Innate Abilities, Weirdness & Mutations

You have large cloven feet.


Message History

Aim: a black bear (heavily wounded, chance to affect: 75%)
The black bear writhes in agony.
The black bear bites you!
The black bear claws you but does no damage.
The black bear closely misses you.
Casting: Necrotise (safe; 2% risk of failure)
Confirm with . or Enter, or press ? or * to list all spells.
Aiming: Necrotise (safe; 2% risk of failure)
Press: ? - help, Shift-Dir - straight line, f/p - black bear
Aim: a black bear (severely wounded, chance to affect: 75%)
The black bear writhes in agony.
The black bear bites you. The black bear claws you.
* * * LOW HITPOINT WARNING * * *
The black bear barely misses you.
You feel better. The black bear misses you.
The black bear barely misses you. x2
Hit: h) +0 dagger
Press: ? - help, Dir - move target, f/p - black bear
Aim: a black bear (severely wounded, about 31% to evade your +0 dagger)
You completely miss the black bear.
The black bear is severely wounded.
The black bear misses you. The black bear claws you.
The black bear closely misses you.
Hit: h) +0 dagger
Press: ? - help, Dir - move target, f/p - black bear
Aim: a black bear (severely wounded, about 31% to evade your +0 dagger)
You hit the black bear.
The black bear is almost dead.
The black bear bites you.
* * * LOW HITPOINT WARNING * * *
The black bear barely misses you. The black bear closely misses you.
Hit: h) +0 dagger
Press: ? - help, Dir - move target, f/p - black bear
Aim: a black bear (almost dead, about 31% to evade your +0 dagger)
You hit the black bear.
The black bear is almost dead.
The black bear bites you.
* * * LOW HITPOINT WARNING * * *
The black bear claws you.
* * * LOW HITPOINT WARNING * * *
The black bear claws you.
You die...

.....#.##......#
.###.#.##......#
..##......# .
#......### #
..........####..
.................
####.#.###....#..$.
#.#..##....# ...
..#.....@..#....
.......)h.......
....†#.....#....
.###.#.#.##..... #
#+#.. ..... ..#.
#... ..(.# ... ..(.
# .. ##..#


You could see a black bear.

Vanquished Creatures
  A dart slug (D:2)
  4 ball pythons
  3 bats
  3 endoplasms (D:1)
  4 goblins (D:1)
  3 hobgoblins
  2 kobolds
  A quokka (D:1)
  3 frilled lizards
  A rat (D:1)
25 creatures vanquished.

Vanquished Creatures (collateral kills)
  A dart slug (D:1)
  2 rats
3 creatures vanquished.

Grand Total: 28 creatures vanquished

Notes
Turn   | Place    | Note
-------+----------+-------------------------------------------
     0 | D:1      | Danienth the Demonspawn Necromancer began the quest for the
                  | Orb.
     0 | D:1      | Reached XP level 1. HP: 13/13 MP: 3/3
   368 | D:1      | Gained mutation: You have large cloven feet. [demonic
                  | ancestry]
   368 | D:1      | Reached XP level 2. HP: 19/19 MP: 0/5
  1294 | D:2      | Reached XP level 3. HP: 25/25 MP: 4/6
  1357 | D:2      | Noticed a black bear
  1393 | D:2      | HP: 1/25 [black bear (3)]
  1393 | D:2      | Slain by a black bear

Illustrated notes

Levels and vault maps discovered:
D:1:      dpeg_arrival_boxes_within_box, layout_loops_ring, minmay_tromino_v4_a
D:2:      layout_basic, shapermc_ecumenical_altar_mp_vishouse, uniq_robin

Skill      XL: |  1  2 |
---------------+-------+-----
Stealth        | 2 |  2.0
Dodging        | 2 |  2.0
Fighting       | |  0.7
Spellcasting   | |  2.5
Necromancy     | |  4.7

Action                     || total
---------------------------++-------
  Melee: Unarmed           ||     1
         Dagger            ||     3
  Throw: Dart              ||     4
   Cast: Necrotise         ||    54
    Use: Scroll            ||     3
         Potion            ||     2
 Armour: Robe              ||    24
  Dodge: Dodged            ||    25

Table legend: (Time is in decaauts)
 A = Elapsed time spent in this place.
 B = Non-inter-level travel time spent in this place.
 C = Inter-level travel time spent in this place.
 D = Time resting spent in this place.
 E = Time spent auto-exploring this place.
 F = Levels seen in this place.
 G = Mean time per level.
                   A        B        C        D        E       F      G
               +--------+--------+--------+--------+--------+-----+--------+
         Total |   1392 |   1339 |     53 |      0 |   1172 |   2 |  696.0 |
       Dungeon |   1392 |   1339 |     53 |      0 |   1172 |   2 |  696.0 |
               +--------+--------+--------+--------+--------+-----+--------+

Top non-repeatable levels by time:
     D:1: 1194 daAuts
     D:2: 197 daAuts
